 Dungeon Crawl Stone Soup version 0.20.0-3-g22ec75f (webtiles) character file.

303 Chiseanne the Vexing (level 6, -3/36 HPs)
             Began as a Deep Elf Arcane Marksman on May 27, 2017.
             Was an Initiate of Sif Muna.
             Slain by a centaur (6 damage)
             ... on level 4 of the Dungeon.
             The game lasted 00:12:43 (6333 turns).

Chiseanne the Vexing (Deep Elf Arcane Marksman)     Turns: 6333, Time: 00:12:43

Health: -3/36      AC:  9    Str:  8    XL:     6   Next: 15%
Magic:  7/12       EV: 16    Int: 19    God:    Sif Muna [......]
Gold:   79         SH:  0    Dex: 20    Spells: 8/11 levels left

rFire    . . .     SeeInvis .   a - +2 short sword
rCold    . . .     Gourm    .   (no shield)
rNeg     . . .     Faith    .   q - +0 ring mail
rPois    .         Spirit   .   e - +2 hat
rElec    .         Reflect  .   A - +1 cloak
rCorr    .         Harm     .   (no gloves)
MR       .....                  (no boots)
Stlth    ++........             (no amulet)
Regen    0.2/turn               (no ring)
MPRegen  0.2/turn               (no ring)

@: agile, very slightly contaminated, hasted, very quick
A: no striking features
a: Renounce Religion


You were on level 4 of the Dungeon.
You worshipped Sif Muna.
Sif Muna was noncommittal.
You were not hungry.

You visited 1 branch of the dungeon, and saw 4 of its levels.

You collected 79 gold pieces.

Inventory:

Hand Weapons
 a - a +2 short sword (weapon)
Missiles
 d - a throwing net (quivered)
 i - 32 arrows
 l - 113 stones
 o - 14 poisoned needles
 v - 42 bolts
 w - 8 needles of confusion
Armour
 e - a +2 hat (worn)
 q - a +0 ring mail (worn)
 A - a +1 cloak (worn)
Jewellery
 u - an uncursed ring of fire
Scrolls
 k - 2 scrolls of teleportation
 n - 3 scrolls of fear
 p - 2 scrolls of remove curse
 t - a scroll of magic mapping
 y - a scroll of amnesia
Books
 b - a book of Debilitation

   Spells                             Type                      Level
   a - Corona                         Hexes                        1
   b - Slow                           Hexes                        2
   c - Inner Flame                    Hexes/Fire                   3
   d - Portal Projectile              Hexes/Translocation          3
   e - Cause Fear                     Hexes                        4
   f - Leda's Liquefaction            Hexes/Earth                  4
Comestibles
 f - 2 bread rations
 g - a fruit
 j - 2 meat rations
 r - 4 chunks of flesh


   Skills:
 * Level 2.7 Fighting
 - Level 3.0 Throwing
 * Level 2.1 Armour
 - Level 2.9 Dodging
 * Level 3.1 Spellcasting
 * Level 5.1 Hexes


You had 8 spell levels left.
You knew the following spells:

 Your Spells              Type           Power        Failure   Level  Hunger
a - Corona                Hex            ###....      5%          1    None
b - Slow                  Hex            ###.....     9%          2    ##.....


Dungeon Overview and Level Annotations

Branches:
Dungeon (4/15)
 Temple: D:4-7

Altars:
Dithmenos
Kikubaaqudgha
Sif Muna
Vehumet
The Shining One

Annotations:
D:4 Edmund


Message History

Aim: a centaur (chance to defeat MR: 62%)
The centaur is outlined in light.
The centaur barely misses you.
You hit the centaur.
The centaur is lightly wounded.
The centaur hits you.
* * * LOW HITPOINT WARNING * * *
It was a potion of agility.
You feel agile all of a sudden. The centaur completely misses you.
You puncture the centaur!
The centaur is heavily wounded.
The centaur hits you but does no damage.
You hit the centaur.
The centaur is heavily wounded.
The centaur hits you but does no damage.
The centaur barely misses you.
You hit the centaur but do no damage.
The centaur is heavily wounded.
The centaur hits you.
You die...

**###*####........##....##
*,................##.##...
****###..##...........#......
*,,,,..,.............#.......
*,,,**#.,#...#.....#.....#...
*,,,* #..#(........#.....#.##
*,,,* #....(.c.)...#.....#.#
*,,,* #..#.c##.....#.....#.##
*,,,**##...)@..>.............
*,,,.......(.................
**,,....##.(###.#.......#####
*,,....*#.(###.#.###......##
*,,...,...................#.
**,..,#.....##.#.###.......#
*,,,,#.....**.#,* #......#.
*,,,,#....,*#.#.###......##
*,,,,*,,,,,*#.............#


You could see a centaur.

Vanquished Creatures
  An ogre (D:4)
  2 hounds
  A centaur skeleton (D:4)
  A hound skeleton (D:4)
  3 adders
  An ooze (D:1)
  2 worms
  A dart slug (D:3)
  4 leopard geckos
  An orc (D:4)
  4 ball pythons
  5 giant cockroaches
  15 hobgoblins
  8 bats
  11 frilled lizards
  8 goblins
  5 kobolds
  6 rats
79 creatures vanquished.

Notes
Turn   | Place    | Note
-------+----------+-------------------------------------------
     0 | D:1      | Chiseanne the Deep Elf Arcane Marksman began the quest for the Orb.
     0 | D:1      | Reached XP level 1. HP: 11/11 MP: 5/5
   391 | D:1      | Found a glowing golden altar of the Shining One.
   468 | D:1      | Reached skill level 1 in Fighting
   932 | D:1      | Reached XP level 2. HP: 9/16 MP: 4/6
  2053 | D:1      | Learned a level 2 spell: Slow
  2506 | D:1      | Reached XP level 3. HP: 6/20 MP: 7/7
  2830 | D:2      | Found an ancient bone altar of Kikubaaqudgha.
  3814 | D:3      | Found a deep blue altar of Sif Muna.
  3818 | D:3      | Became a worshipper of Sif Muna the Loreminder
  4228 | D:3      | Reached XP level 4. HP: 26/26 MP: 6/8
  4248 | D:3      | Found a shadowy altar of Dithmenos.
  4991 | D:4      | Reached skill level 1 in Armour
  5349 | D:4      | Reached XP level 5. HP: 30/31 MP: 3/10
  5591 | D:4      | Found a radiant altar of Vehumet.
  5676 | D:4      | Noticed Edmund
  6086 | D:4      | Found a glowing golden altar of the Shining One.
  6316 | D:4      | Noticed an ogre
  6319 | D:4      | Noticed a centaur
  6325 | D:4      | Killed an ogre
  6325 | D:4      | Reached skill level 5 in Hexes
  6325 | D:4      | Reached XP level 6. HP: 8/36 MP: 9/12
  6333 | D:4      | Slain by a centaur

Skill      XL: |  1  2  3  4  5 |
---------------+----------------+-----
Fighting       | 1 2 |  2.7
Throwing       | 3 |  3.0
Armour         | 1 2 |  2.1
Spellcasting   | 2 3 |  3.1
Hexes          | 5 |  5.1
Dodging        | |  2.9

Action                   |  1- 3 |  4- 6 || total
-------------------------+-------+-------++-------
Melee: Unarmed           |    40 |       ||    40
       Club              |    15 |       ||    15
       Short sword       |   205 |   107 ||   312
Throw: Javelin           |     9 |     4 ||    13
       Throwing net      |       |     1 ||     1
 Cast: Corona            |    36 |    17 ||    53
       Slow              |     4 |    20 ||    24
  Use: Scroll            |     6 |     5 ||    11
       Potion            |       |     2 ||     2
 Stab: Held in net/web   |       |     1 ||     1
  Eat: Chunk             |    12 |     8 ||    20
Armor: Robe              |    27 |       ||    27
       Ring mail         |    35 |    47 ||    82
Dodge: Dodged            |   195 |    51 ||   246
